 Dungeon Crawl Stone Soup version 0.21.0-3-g78d12a8 (webtiles) character file.

1862 komo4ek the Chiller (level 9, -6/46 HPs)
             Began as a Vine Stalker Ice Elementalist on Jan 10, 2018.
             Shot with an arrow by a centaur (11 damage)
             ... on level 6 of the Dungeon.
             The game lasted 00:20:18 (5756 turns).

komo4ek the Chiller (Vine Stalker Ice Elementalist) Turns: 5756, Time: 00:20:19

Health: -6/46      AC:  4    Str: 11    XL:     9   Next: 13%
Magic:  0/19       EV: 15    Int: 18    God:
Gold:   367        SH:  0    Dex: 22    Spells: 19/20 levels left

rFire    . . .     SeeInvis +   J - +0 dire flail "Neys" {crush, Dex+2}
rCold    . . .     Gourm    +   (shield currently unavailable)
rNeg     . . .     Faith    .   n - +0 leather armour
rPois    .         Spirit   +   (no helmet)
rElec    .         Reflect  .   (no cloak)
rCorr    .         Harm     .   G - +0 pair of gloves
MR       +....                  (no boots)
Stlth    ++........             C - amulet of the gourmand
HPRegen  0.55/turn              j - +5 ring of dexterity
MPRegen  0.16/turn              i - ring of see invisible

@: about to teleport
A: fangs 3, regeneration 1, magic shield, antimagic bite, no potion heal 3, rot
immunity
a: no special abilities


You were on level 6 of the Dungeon.
You were not hungry.

You visited 1 branch of the dungeon, and saw 6 of its levels.

You collected 381 gold pieces.
You spent 14 gold pieces at shops.

Inventory:

Hand Weapons
 d - a +2 dagger of venom
 h - a +0 shortbow
 B - a +2 vampiric spear
 J - the +0 dire flail "Neys" (weapon) {crush, Dex+2}
   (You found it on level 6 of the Dungeon)

   It inflicts extra damage upon your enemies.
   It affects your dexterity (+2).
Missiles
 c - 5 curare-tipped needles
 f - 98 arrows
 m - 22 poisoned needles
 p - 40 bolts
 A - 5 javelins (quivered)
Armour
 a - a +0 robe
 n - a +0 leather armour (worn)
 G - a +0 pair of gloves (worn)
Jewellery
 i - a ring of see invisible (right hand)
 j - a +5 ring of dexterity (left hand)
 r - an uncursed ring of resist corrosion
 C - an amulet of the gourmand (around neck)
Wands
 t - a wand of digging (8)
 x - a wand of acid (6)
 z - a wand of disintegration (21)
 K - a wand of flame (22)
Scrolls
 e - 2 scrolls of immolation
 g - 5 scrolls of identify
 k - a scroll of random uselessness {unknown}
 l - a scroll of teleportation
 o - 4 scrolls of remove curse
 w - 3 scrolls of magic mapping {unknown}
 y - a scroll of fear {unknown}
 D - a scroll of enchant armour {unknown}
 H - a scroll of amnesia
Potions
 q - 3 potions of degeneration
 v - 2 potions of brilliance {unknown}
 E - a potion of heal wounds {unknown}
 F - a potion of resistance {unknown}
Books
 b - a book of Frost

   Spells                             Type                      Level
   a - Freeze                         Ice                          1
   b - Throw Frost                    Conjuration/Ice              2
   c - Ozocubu's Armour               Charms/Ice                   3
   d - Throw Icicle                   Conjuration/Ice              4
   e - Summon Ice Beast               Ice/Summoning                4
 u - a book of Cantrips

   Spells                             Type                      Level
   a - Confusing Touch                Hexes                        1
   b - Animate Skeleton               Necromancy                   1
   c - Summon Small Mammal            Summoning                    1
   d - Apportation                    Translocation                1
 I - a book of Misfortune

   Spells                             Type                      Level
   a - Confusing Touch                Hexes                        1
   b - Confuse                        Hexes                        3
   c - Gell's Gravitas                Translocation                3
   d - Petrify                        Transmutation/Earth          4
   e - Metabolic Englaciation         Hexes/Ice                    5
   f - Yara's Violent Unravelling     Hexes/Transmutation          5
Comestibles
 s - 6 rations


   Skills:
 + Level 4.5 Fighting
 + Level 4.5 Dodging
 - Level 2.4 Stealth
 + Level 6.3 Spellcasting
   Level 1.0 Conjurations
 * Level 7.2 Ice Magic


You had 19 spell levels left.
You knew the following spells:

 Your Spells              Type           Power        Failure   Level  Hunger
a - Freeze                Ice            ####         1%          1    None


Dungeon Overview and Level Annotations

Branches:
Dungeon (6/15)
 Temple: D:4-7

Altars:
Trog

Shops:
D:5 (!([

Annotations:
D:4 2 transporters
D:6 Sigmund


Innate Abilities, Weirdness & Mutations

You have razor-sharp teeth.
Your natural rate of healing is unusually fast.
When hurt, damage is shared between your health and your magic reserves.
Your bite disrupts and absorbs the magic of your enemies.
Potions cannot restore your health.
You are immune to rotting.


Message History

You eat one of the 7 rations.
That ration really hit the spot!
A centaur comes into view. It is wielding a dagger.
The centaur shouts!
You hear a croak.
The centaur unwields an uncursed dagger.
The centaur wields a shortbow.
The centaur shoots an arrow.
The arrow hits you!
You see here an arrow.
The centaur shoots an arrow.
The arrow hits you!
The centaur shoots an arrow.
The arrow hits you!
You see here 2 arrows.
The centaur shoots an arrow.
The arrow hits you!
You see here an arrow.
The centaur shoots an arrow.
The arrow completely misses you.
The centaur shoots an arrow.
The arrow hits you!
* * * LOW HITPOINT WARNING * * *
The centaur shoots an arrow.
The arrow hits you!
* * * LOW HITPOINT WARNING * * *
You see here 3 arrows.
As you read the scroll of teleportation, it crumbles to dust.
You feel strangely unstable.
The centaur shoots an arrow.
The arrow hits you!
You die...

#.# #.# #)# ##
#.# #.#
#.####### #.#
#.####........
#.#
#.......######
#.# ######.##
#.# #.# #.#
#.####### #.#
#.)...... #@#
########. #.#
#. #.# #.
#(###### #.
#.c(..(# #.
######c# #.
#.......# #.
#.c.<...# #†
#.......# #.


You could see a centaur.

Vanquished Creatures
  2 ice beasts
  A phantom (D:4)
  A black bear (D:6)
  6 ogres
  A centaur (D:5)
  2 bullfrogs (D:6)
  2 howler monkeys
  A centaur zombie (D:3)
  A jelly (D:5)
  2 hounds
  2 orc wizards
  A centaur skeleton (D:5)
  An orc priest (D:5)
  A gnoll shaman (D:4)
  2 iguanas
  4 worker ants
  A hound zombie (D:5)
  11 gnolls
  6 adders
  A shadow imp (D:5)
  An ooze (D:2)
  A worm (D:4)
  A dart slug (D:1)
  3 leopard geckos
  15 orcs
  2 ball pythons (D:1)
  7 bats
  5 giant cockroaches
  3 goblins
  3 hobgoblins
  12 jackals
  6 kobolds
  2 quokkas (D:5)
  2 frilled lizards (D:3)
  A jackal zombie (D:5)
  A leopard gecko skeleton (D:4)
  12 rats
126 creatures vanquished.

Notes
Turn   | Place    | Note
-------+----------+-------------------------------------------
     0 | D:1      | komo4ek the Vine Stalker Ice Elementalist began the quest for the Orb.
     0 | D:1      | Reached XP level 1. HP: 9/9 MP: 4/4
   385 | D:1      | Reached XP level 2. HP: 7/14 MP: 0/6
   784 | D:1      | Reached XP level 3. HP: 17/17 MP: 8/8
  1320 | D:2      | Reached skill level 1 in Fighting
  2140 | D:3      | Gained mutation: Your natural rate of healing is unusually fast. [Vine Stalker growth]
  2140 | D:3      | Reached XP level 4. HP: 22/22 MP: 6/9
  2434 | D:3      | Reached XP level 5. HP: 21/25 MP: 11/11
  2844 | D:4      | Found a transporter.
  2854 | D:4      | Found a transporter.
  2902 | D:4      | Noticed an ogre
  2918 | D:4      | Killed an ogre
  2918 | D:4      | Reached skill level 4 in Ice Magic
  2918 | D:4      | Reached XP level 6. HP: 30/30 MP: 10/13
  3885 | D:4      | Reached XP level 7. HP: 21/35 MP: 8/15
  4068 | D:4      | Reached skill level 5 in Spellcasting
  4141 | D:5      | Entered Level 5 of the Dungeon
  4205 | D:5      | Reached skill level 5 in Ice Magic
  4223 | D:5      | Found Teohin's Weapon Emporium.
  4394 | D:5      | Gained mutation: You have razor-sharp teeth. [Vine Stalker growth]
  4394 | D:5      | Reached XP level 8. HP: 17/40 MP: 11/17
  4447 | D:5      | Found Toysam's Distillery.
  4456 | D:5      | Bought a potion of degeneration for 14 gold pieces
  4538 | D:5      | Found Yxkargh's Armour Emporium.
  4584 | D:5      | Reached skill level 6 in Ice Magic
  4912 | D:5      | Found a bloodstained altar of Trog.
  5089 | D:5      | Found Lerchozok's Antique Weapon Boutique.
  5414 | D:6      | Got a crude dire flail
  5476 | D:6      | Reached skill level 7 in Ice Magic
  5476 | D:6      | Reached XP level 9. HP: 27/46 MP: 14/19
  5504 | D:6      | Identified the +0 dire flail "Neys" {crush, Dex+2} (You found it on level 6 of the Dungeon)
  5728 | D:6      | Noticed Sigmund
  5756 | D:6      | Shot with an arrow by a centaur

Skill      XL: |  1  2  3  4  5  6  7  8 |
---------------+-------------------------+-----
Fighting       | 1 2 3 4 |  4.5
Dodging        | 2 3 4 |  4.5
Spellcasting   | 3 4 5 6 |  6.3
Ice Magic      | 4 5 7 |  7.2
Stealth        | |  2.4
Conjurations   | |  1.0

Action                   |  1- 3 |  4- 6 |  7- 9 || total
-------------------------+-------+-------+-------++-------
Melee: Unarmed           |    11 |       |       ||    11
       Bite              |     4 |    20 |    67 ||    91
       Dagger            |     4 |    67 |   164 ||   235
       Dire flail        |       |       |     7 ||     7
Throw: Javelin           |    51 |    46 |     3 ||   100
 Cast: Freeze            |    23 |    45 |     7 ||    75
Evoke: Wand              |       |     1 |    16 ||    17
  Use: Scroll            |       |     6 |     1 ||     7
 Stab: Sleeping          |     3 |     1 |     6 ||    10
       Distracted        |       |     1 |       ||     1
  Eat: Ration            |     1 |     2 |     2 ||     5
       Chunk             |       |       |     1 ||     1
Armor: Robe              |    14 |       |       ||    14
       Leather armour    |     2 |    14 |    18 ||    34
       Ring mail         |       |    12 |       ||    12
Dodge: Dodged            |    40 |    81 |   110 ||   231
